 Dungeon Crawl Stone Soup version 0.31-a0-1237-gabc64e778c (webtiles) character file.

Game seed: 11484397931673114302

38 voltaire321 the Digger (level 3, 0/39 HPs)
             Began as a Demonspawn Earth Elementalist on Dec 15, 2023.
             Succumbed to an adder's poison
             ... on level 2 of the Dungeon.
             The game lasted 00:02:18 (1297 turns).

voltaire321 the Digger (DsEE)                       Turns: 1297, Time: 00:02:19

Health: 0/39       AC: 21    Str: 10    XL:     3   Next: 25%
Magic:  2/6        EV:  2    Int: 15    God:
Gold:   101        SH:  4    Dex: 13    Spells: 3/6 levels left

rFire   . . .        j - +0 falchion
rCold   . . .        (no shield)
rNeg    . . .        a - melded +0 robe
rPois   +            m - melded +0 helmet
rElec   .            (cloak currently unavailable)
rCorr   .            (gloves currently unavailable)
SInv    .            (boots currently unavailable)
Will    +....        (no amulet)
Stlth   ++           (no ring)
HPRegen 0.26/turn    (no ring)
MPRegen 0.10/turn

%: no passive effects
@: mighty, lethally poisoned (0 -> -2), tree-form, enlightened
A: stationary, stasis, torment immunity, boosted hp, condensation shield
a: no special abilities


You were on level 2 of the Dungeon.
You were a tree.
You visited 1 branch of the dungeon, and saw 2 of its levels.

You collected 101 gold pieces.

Inventory:

Hand Weapons
 j - a +0 falchion (weapon)
Missiles
 d - 3 curare-tipped darts
Armour
 a - a +0 robe (melded)
 m - a +0 helmet (melded)
Scrolls
 c - a scroll of vulnerability {unknown}
 e - a scroll of enchant armour {unknown}
 h - a scroll of amnesia {unknown}
 o - a scroll of poison {unknown}
 p - a scroll of fear {unknown}
Potions
 b - 2 potions of magic
 f - a potion of berserk rage {unknown}
 g - a potion of lignification
 i - a potion of heal wounds {unknown}
 k - a potion of enlightenment
 n - a potion of ambrosia {unknown}


   Skills:
 + Level 1.1 Fighting
 + Level 1.0 Armour
 + Level 2.1 Dodging
 - Level 1.7 Stealth
 + Level 2.3 Spellcasting
 - Level 1.0 Transmutations
 + Level 3.0 Earth Magic


You had 3 spell levels left.
You knew the following spells:

 Your Spells              Type           Power      Damage    Failure   Level
a - Sandblast             Erth           20%        2d7       6%          1
b - Passwall              Tmut/Erth      5%         N/A       14%         2

Your spell library contained the following spells:

 Spells                   Type           Power      Damage    Failure   Level
 Stone Arrow              Conj/Erth      12%        3d7       34%         3
 Petrify                  Tmut/Erth      7%         N/A       67%         4
 Brom's Barrelling Bould  Conj/Erth      6%         2d3       75%         4


Dungeon Overview and Level Annotations

Branches:
Dungeon (2/15)

Altars:


Innate Abilities, Weirdness & Mutations

You are a tree.
Your roots penetrate the ground, keeping you stationary.
You cannot be teleported.
You are immune to unholy pain and torment.
Your maximum health is greatly increased.
Your equipment is partially melded.
A meltable shield of frost defends you. (SH +4)


Message History

You feel very sick. The adder bites you.
You are more poisoned.
The adder poisons you! The adder bites you.
You barely miss the adder.
The adder is severely wounded.
You feel very sick. The adder completely misses you.
You barely miss the adder.
The adder is severely wounded.
You feel very sick. The adder bites you.
You are lethally poisoned!
The adder poisons you! The adder completely misses you.
You hit the adder.
You kill the adder!
* * * LOW HITPOINT WARNING * * *
You feel very sick.
Your Fighting skill increases to level 1!
Your Armour skill increases to level 1!
Your Earth Magic skill increases to level 3!
* * * LOW HITPOINT WARNING * * *
You feel sick.
You see here a frilled lizard corpse.
There is a lethal amount of poison in your body!
* * * LOW HITPOINT WARNING * * *
You feel sick.
* * * LOW HITPOINT WARNING * * *
You feel sick.
It was a potion of lignification.
You turn into a tree.
Your +0 helmet melds into your body.
Your +0 robe melds into your body.
Your roots penetrate the ground.
* * * LOW HITPOINT WARNING * * *
You feel sick.
It was a potion of enlightenment.
Your roots keep you in place.
* * * LOW HITPOINT WARNING * * *
You feel sick.
It was a potion of might.
You feel very mighty all of a sudden.
You die...

..# #..#.. #.# ....#. #.#
# ...... #.# ######## #.
....## #.# #....... ..
....###.# #.###### #.
#......# #.# ##
#..###.###.#####.# ##.
#>..†.♣..........# #..
......###.###.##########.#
..... #.# #.............
.### #.# ##############
#... ..# # #..# ### # #..#
#..# #..# ##########


There were no monsters in sight!

Vanquished Creatures
  2 adders (D:2)
  A worm (D:2)
  A ball python (D:1)
  A bat (D:2)
  4 endoplasms
  A goblin (D:1)
  A hobgoblin (D:2)
  A quokka (D:1)
  2 frilled lizards
  A kobold (D:2)
  3 rats (D:1)
18 creatures vanquished.

Notes
Turn   | Place    | Note
-------+----------+-------------------------------------------
     0 | D:1      | voltaire321 the Demonspawn Earth Elementalist began the
                  | quest for the Orb.
     0 | D:1      | Reached XP level 1. HP: 13/13 MP: 3/3
   148 | D:1      | Reached skill level 1 in Transmutations
   368 | D:1      | Gained mutation: A meltable shield of frost defends you.
                  | (SH +4) [demonic ancestry]
   368 | D:1      | Reached XP level 2. HP: 20/20 MP: 3/5
   988 | D:2      | Learned a level 2 spell: Passwall
  1284 | D:2      | Reached XP level 3. HP: 25/25 MP: 2/6
  1292 | D:2      | Reached skill level 1 in Fighting
  1292 | D:2      | Reached skill level 1 in Armour
  1292 | D:2      | Reached skill level 3 in Earth Magic
  1294 | D:2      | HP: 1/26 [poisoned by an adder]
  1297 | D:2      | Succumbed to an adder's poison

Illustrated notes

Levels and vault maps discovered:
D:1:      doesnt_arrival_eight_statues, layout_loops_ring
D:2:      layout_loops_ring, st_stairs_14, uniq_terence

Skill      XL: |  1  2  3 |
---------------+----------+-----
Transmutations | 1 |  1.0
Dodging        | 2 |  2.1
Fighting       | 1 |  1.1
Armour         | 1 |  1.0
Earth Magic    | 3 |  3.0
Stealth        | |  1.7
Spellcasting   | |  2.3

Action                     || total
---------------------------++-------
  Melee: Unarmed           ||     2
         Falchion          ||     6
   Cast: Sandblast         ||    26
    Use: Potion            ||     3
 Armour: Robe              ||     7
  Dodge: Dodged            ||     9

Table legend: (Time is in decaauts)
 A = Elapsed time spent in this place.
 B = Non-inter-level travel time spent in this place.
 C = Inter-level travel time spent in this place.
 D = Time resting spent in this place.
 E = Time spent auto-exploring this place.
 F = Levels seen in this place.
 G = Mean time per level.
                   A        B        C        D        E       F      G
               +--------+--------+--------+--------+--------+-----+--------+
         Total |   1311 |   1270 |     41 |      0 |   1081 |   2 |  655.5 |
       Dungeon |   1311 |   1270 |     41 |      0 |   1081 |   2 |  655.5 |
               +--------+--------+--------+--------+--------+-----+--------+

Top non-repeatable levels by time:
     D:1: 812 daAuts
     D:2: 498 daAuts
